 Dungeon Crawl Stone Soup version 0.30-a0-953-g5f1da4a474 (webtiles) character file.

Game seed: 3830961961600110697

53 protoss039 the Cutter (level 3, -1/1 (21) HPs)
             Began as a Vampire Reaver on Mar 28, 2023.
             Slain by a kobold
             ... wielding a +0 dagger
              (2 damage)
             ... on level 2 of the Dungeon.
             The game lasted 00:02:13 (1154 turns).

protoss039 the Cutter (Vampire Reaver)              Turns: 1154, Time: 00:02:14

HP:   -1/1 (21)     AC:  4    Str: 11    XL:     3   Next: 62%
MP:   5/6           EV: 12    Int: 15    God:
Gold: 51            SH:  0    Dex: 14    Spells: 3/6 levels left

rFire   . . .      SeeInvis +    a - +0 short sword
rCold   + + .      Faith    .    (no shield)
rNeg    + + +      Spirit   .    b - +0 leather armour
rPois   ∞          Reflect  .    (no helmet)
rElec   .          Rampage  .    (no cloak)
rCorr   .                        (no gloves)
Will    .....                    k - +0 pair of boots
Stlth   ++++                     (no amulet)
HPRegen 0.00/turn                (no ring)
MPRegen 0.10/turn                (no ring)

@: bloodless, inhibited regen, extremely drained
A: bloodless, fangs 3, see invisible, vampiric 2
a: Bat Form, Revivify


You were on level 2 of the Dungeon.
You visited 1 branch of the dungeon, and saw 2 of its levels.

You collected 51 gold pieces.

Inventory:

Hand Weapons
 a - a +0 short sword (weapon)
Missiles
 g - 5 curare-tipped darts
Armour
 b - a +0 leather armour (worn)
 k - a +0 pair of boots (worn)
Magical Staves
 i - a staff of poison
Jewellery
 h - an amulet of magic regeneration
Scrolls
 c - 3 scrolls of identify {unknown}
 d - a scroll of amnesia {unknown}
 j - a scroll of brand weapon {unknown}
 m - a scroll of fog {unknown}
Potions
 e - a potion of curing {unknown}
 f - a potion of lignification {unknown}
 l - a potion of heal wounds {unknown}


   Skills:
 * Level 2.2 Fighting
 + Level 3.4 Short Blades
 + Level 0.4 Armour
 + Level 2.3 Dodging
 * Level 2.4 Stealth
 + Level 2.1 Spellcasting
 + Level 2.3 Conjurations
 + Level 0.9 Necromancy
 + Level 0.3 Translocations


You had 3 spell levels left.
You knew the following spells:

 Your Spells              Type           Power      Damage    Failure   Level
a - Kiss of Death         Conj/Necr      24%        2d7       14%         1
b - Momentum Strike       Conj/Tloc      10%        3d8       26%         2

Your spell library contained the following spells:

 Spells                   Type           Power      Damage    Failure   Level
 Hailstorm                Conj/Ice       5%         3d4       47%         3


Dungeon Overview and Level Annotations

Branches:
Dungeon (2/15) Zot: 10857

Altars:

Shops:
D:2 =


Innate Abilities, Weirdness & Mutations

You do not regenerate when monsters are visible.
You are frail without blood (-20% HP).
You can heal yourself when you bite living creatures.
You are immune to poison.
You have razor-sharp teeth.
You have supernaturally acute eyesight. (SInv)
You are afflicted with vampirism and can become a bat while bloodless.


Message History

An endoplasm is nearby!
An endoplasm is nearby!
An endoplasm is nearby!
An endoplasm is nearby!
The helpless endoplasm fails to defend itself.
You puncture the endoplasm!
You kill the endoplasm!
You see here a +0 mace of protection.
No target in view!
An endoplasm comes into view.
An endoplasm is nearby!
The endoplasm quivers.
An endoplasm is nearby!
A kobold comes into view. It is wielding a +0 dagger.
The endoplasm freezes you.
You are frozen.
You resist.
There is an open door here.
The kobold shouts!
You hit the endoplasm but do no damage.
The endoplasm hits you but does no damage.
Search for what [Enter for "."]? .
Casting: Kiss of Death (safe; 14% risk of failure)
Confirm with . or Enter, or press ? or * to list all spells.
Aiming: Kiss of Death (safe; 14% risk of failure)
Press: ? - help, Shift-Dir - straight line, f - endoplasm
Aim: an endoplasm (100% to hit)
The negative energy hits the endoplasm!
The endoplasm is drained!
You kill the endoplasm!
You feel drained.
Unknown command.
Casting: Kiss of Death (safe; 14% risk of failure)
Confirm with . or Enter, or press ? or * to list all spells.
Aiming: Kiss of Death (safe; 14% risk of failure)
Press: ? - help, Shift-Dir - straight line, f - you That would be overly suicidal.
Okay, then.
Unknown command.
The kobold hits you with a +0 dagger.
Ouch! That really hurt!
You die...

#.#.....##############.#
.......................#
#.#.....##############.#
#.#.##### ##########.#
#...# ...##...).# #####
#.#..##### . #...##
....##'######
........@K...#
.............#
.............#
.....##'###### ..... #..
#... ### #.##


You could see a kobold.

Vanquished Creatures
  2 adders (D:2)
  2 worms (D:2)
  6 endoplasms
  3 giant cockroaches
  3 goblins
  2 hobgoblins (D:2)
  A quokka (D:1)
  2 ball pythons
  2 bats
  3 frilled lizards (D:1)
  2 kobolds
  2 rats (D:1)
30 creatures vanquished.

Notes
Turn   | Place    | Note
-------+----------+-------------------------------------------
     0 | D:1      | protoss039 the Vampire Reaver began the quest for the Orb.
     0 | D:1      | Reached XP level 1. HP: 16/16 MP: 3/3
   211 | D:1      | Reached skill level 1 in Stealth
   211 | D:1      | Reached XP level 2. HP: 14/22 MP: 5/5
   217 | D:1      | Learned a level 2 spell: Momentum Strike
   927 | D:2      | Found Ziroll's Jewellery Boutique.
   932 | D:2      | Gained mutation: You are afflicted with vampirism and can
                  | become a bat while bloodless. [Vampire growth]
   932 | D:2      | Reached XP level 3. HP: 9/11 MP: 4/6
  1154 | D:2      | Slain by a kobold

Illustrated notes

Levels and vault maps discovered:
D:1:      roderic_crop_circles_arrival_small, layout_basic, wad_floor_pattern_2
D:2:      layout_basic, serial_shops, shop

Skill      XL: |  1  2 |
---------------+-------+-----
Stealth        | 1 2 |  2.4
Fighting       | 2 |  2.2
Short Blades   | |  3.4
Armour         | |  0.4
Dodging        | |  2.3
Spellcasting   | |  2.1
Conjurations   | |  2.3
Necromancy     | |  0.9
Translocations | |  0.3

Action                     || total
---------------------------++-------
  Melee: Short sword       ||    73
         Bite              ||     6
         Punch             ||     1
   Cast: Kiss of Death     ||    10
Ability: Exsanguinate      ||     1
   Stab: Sleeping          ||     6
 Armour: Leather armour    ||    21
  Dodge: Dodged            ||    30

Table legend: (Time is in decaauts)
 A = Elapsed time spent in this place.
 B = Non-inter-level travel time spent in this place.
 C = Inter-level travel time spent in this place.
 D = Time resting spent in this place.
 E = Time spent auto-exploring this place.
 F = Levels seen in this place.
 G = Mean time per level.
                   A        B        C        D        E       F      G
               +--------+--------+--------+--------+--------+-----+--------+
         Total |   1141 |   1111 |     30 |     14 |    889 |   2 |  570.5 |
       Dungeon |   1141 |   1111 |     30 |     14 |    889 |   2 |  570.5 |
               +--------+--------+--------+--------+--------+-----+--------+

Top non-repeatable levels by time:
     D:1: 744 daAuts
     D:2: 397 daAuts
